 Dungeon Crawl Stone Soup version 0.29-a0-330-g52719c12eb (webtiles) character file.

Game seed: 15652205177204463656

6883 Ajdolov the Spear-Bearer (level 11, 0/87 (90) HPs)
             Began as a Barachi Ice Elementalist on Apr 16, 2022.
             Was an Elder of Cheibriados.
             Slain by a wraith (7 damage)
             ... led by Josephine
             ... on level 10 of the Dungeon.
             The game lasted 00:20:52 (13061 turns).

Ajdolov the Spear-Bearer (BaIE)                    Turns: 13061, Time: 00:20:53

HP:   0/87 (90)     AC:  7    Str: 18    XL:     11   Next: 6%
MP:   11/14         EV: 13    Int: 28    God:    Cheibriados [****..]
Gold: 623           SH:  0    Dex: 29    Spells: 7/14 levels left

rFire   + . .      SeeInvis .   u - +3 trident (protect)
rCold   . . .      Faith    .   (no shield)
rNeg    . . .      Spirit   .   A - +0 steam dragon scales
rPois   .          Reflect  .   (no helmet)
rElec   .          Harm     .   E - +0 cloak
rCorr   .          Rampage  .   o - +0 pair of gloves
Will    .....                   (no boots)
Stlth   +++.......              (no amulet)
HPRegen 0.24/turn               p - ring of protection from fire
MPRegen 0.14/turn               h - +6 ring of dexterity

@: slowed, studying Fighting, lightly drained, very slow
A: amphibious, slowness 1, strong legs 1, +LOS
a: Hop, Renounce Religion, Bend Time, Temporal Distortion, Slouch


You were on level 10 of the Dungeon.
You worshipped Cheibriados.
Cheibriados was greatly pleased with you.
You visited 2 branches of the dungeon, and saw 11 of its levels.

You collected 623 gold pieces.

Inventory:

Hand Weapons
 u - a +3 trident of protection (weapon)
 y - a +2 long sword of electrocution
Missiles
 F - a throwing net
Armour
 o - a +0 pair of gloves (worn)
 z - a scarf of repulsion
 A - +0 steam dragon scales (worn)
 E - a +0 cloak (worn)
Jewellery
 f - a ring of ice
 h - a +6 ring of dexterity (right hand)
 p - a ring of protection from fire (left hand)
 D - a +4 ring of evasion
Wands
 a - a wand of iceblast (21)
 C - a wand of flame (5)
Scrolls
 d - 3 scrolls of identify
 i - 3 scrolls of noise
 j - a scroll of blinking
 k - 2 scrolls of magic mapping
 l - a scroll of fear
 m - 5 scrolls of teleportation
 q - a scroll of enchant weapon
 r - a scroll of summoning
 x - a scroll of torment
Potions
 b - a potion of magic
 c - 2 potions of heal wounds
 e - 4 potions of curing
 g - a potion of lignification
 n - 2 potions of resistance
 s - 2 potions of might
 t - 2 potions of haste
 v - 2 potions of flight
 w - a potion of berserk rage {unknown}
 B - a potion of attraction {unknown}


   Skills:
 - Level 10.0 Fighting
 - Level 14.0 Polearms
 * Level 2.3 Armour
 - Level 2.1 Dodging
 - Level 1.7 Stealth
 - Level 2.1 Spellcasting
 + Level 1.2 Conjurations
 - Level 7.0 Ice Magic


You had 7 spell levels left.
You knew the following spells:

 Your Spells              Type           Power      Damage    Failure   Level
a - Freeze                Ice            100%       1d11      1%          1
b - Frozen Ramparts       Ice            84%        1d10      1%          3
c - Ozocubu's Armour      Ice            42%        N/A       1%          3

Your spell library contained the following spells:

 Spells                   Type           Power      Damage    Failure   Level
 Slow                     Hex            12%        N/A       9%          1
 Hailstorm                Conj/Ice       26%        3d7       16%         4
 Ice Form                 Ice/Tmut       22%        N/A       22%         4
 Summon Ice Beast         Ice/Summ       22%        N/A       22%         4
 Confusing Touch          Hex            3%         N/A       26%         3
 Summon Guardian Golem    Hex/Summ       3%         N/A       26%         3
 Vampiric Draining        Necr           3%         2d6       26%         3
 Orb of Destruction       Conj           5%         9d5       100%        7
 Spellforged Servitor     Conj/Summ      3%         N/A       100%        7


Dungeon Overview and Level Annotations

Branches:
Dungeon (10/15)            Temple (1/1) D:4            Lair (0/6) D:10
    Orc (0/2) D:10

Altars:
Cheibriados
Gozag
Uskayaw
The Shining One

Shops:
D:8 (

Annotations:
D:10 Josephine


Innate Abilities, Weirdness & Mutations

You are amphibious.
You cover ground slowly.
You can hop short distances.
You have an extended range of vision and can be seen from far away.


Message History

Josephine shouts!
You hit the wraith but do no damage.
The wraith is moderately damaged.
The wraith resists.
The wall freezes the wraith.
The wraith misses you.
The wall freezes the troll.
You puncture the wraith!
The wraith is heavily damaged.
You closely miss the wraith.
The wraith is heavily damaged.
The frozen ramparts melt away.
The wraith hits you. The wraith drains your vigour!
You feel yourself slow down.
A wraith comes into view.
Your icy armour will break if you move.
Continue?
Okay, then.
There are monsters nearby!
Your icy armour will break if you move.
Continue?
The wraith attacks as you move away! The wraith hits you but does no damage.
Your icy armour cracks and falls away as you move.
The troll bites you! The troll claws you but does no damage.
The troll claws you. The wraith hits you but does no damage.
The troll misses you. x2; The troll claws you but does no damage.
The wraith hits you. The wraith drains your vigour!
You feel as though you will be slow longer.
Josephine laughs insanely.
The troll bites you but does no damage. The troll claws you! x2
The wraith barely misses you. The troll bites you! The troll misses you.
The troll completely misses you. The wraith hits you!
* * * LOW HITPOINT WARNING * * *
The wraith drains your vigour!
You feel as though you will be slow longer.
A wraith comes into view.
Josephine points at you and mumbles some strange words.
The ghostly flame explodes!
The ghostly fireball engulfs the wraith.
The wraith completely resists.
The ghostly fireball engulfs you!
You feel drained.
* * * LOW HITPOINT WARNING * * *
The troll bites you but does no damage. The troll barely misses you. x2
The wraith hits you!
You die...

#....WW# .. #......# ... #......'
..... .... #......# ..#'###
.....#.....W######'##...
.....#.......@..........
####.....####W...........
#.....8.....#..TW.....### .....
#...........#...@.....#.+ ......
....................#'#.###......
.8....>....8........#.....#......
..........).....##'##.....+......
#...........#)))#...#.....#......
#)....8.....#.#'#...#'#.#####....
####.....####.#.).....#.'...'..).
..............###...#####...#####
..............#.'...'.#.......#.+


You could see Josephine, a troll and 3 wraiths.

Vanquished Creatures
  A two-headed ogre (D:8)
  Joseph (D:10)
  Maurice (D:10)
  A gargoyle (D:9)
  Prince Ribbit (D:6)
  3 wyverns (D:9)
  2 wraiths
  A basilisk (D:8)
  3 steam dragons
  2 vampire mosquitoes (D:10)
  2 water moccasins
  7 orc warriors
  A sky beast (D:6)
  2 ice beasts
  2 ogres
  5 centaurs
  2 phantoms (D:6)
  A kobold brigand (D:9)
  3 bullfrogs
  2 gnoll sergeants (D:5)
  2 scorpions
  3 wights (D:8)
  7 killer bees (D:9)
  2 howler monkeys
  2 jellies (D:6)
  3 orc priests
  2 hounds
  3 iguanas
  10 orc wizards
  8 gnolls
  7 adders
  A white imp (D:6)
  4 worms
  A dart slug (D:3)
  44 orcs
  5 endoplasms
  2 giant cockroaches
  7 goblins
  7 hobgoblins
  3 quokkas
  3 ball pythons
  4 bats
  3 frilled lizards
  13 kobolds
  3 rats
192 creatures vanquished.

Vanquished Creatures (others)
  3 plants
3 creatures vanquished.

Grand Total: 195 creatures vanquished

Notes
Turn   | Place    | Note
-------+----------+-------------------------------------------
     0 | D:1      | Ajdolov the Barachi Ice Elementalist began the quest for
                  | the Orb.
     0 | D:1      | Reached XP level 1. HP: 13/13 MP: 3/3
   294 | D:1      | Reached skill level 1 in Fighting
   477 | D:1      | Reached XP level 2. HP: 19/22 MP: 1/5
  1192 | D:2      | Reached XP level 3. HP: 29/29 MP: 0/6
  1262 | D:2      | Learned a level 3 spell: Frozen Ramparts
  2334 | D:3      | Reached XP level 4. HP: 34/38 MP: 2/7
  2675 | D:3      | Reached skill level 5 in Fighting
  2982 | D:3      | Reached XP level 5. HP: 23/45 MP: 4/8
  3424 | D:3      | Reached skill level 5 in Ice Magic
  4073 | D:4      | Found an opulent altar of Gozag.
  4488 | D:4      | Reached XP level 6. HP: 14/52 MP: 0/9
  5288 | D:4      | Found a staircase to the Ecumenical Temple.
  5298 | Temple   | Entered the Ecumenical Temple
  5331 | Temple   | Became a worshipper of Cheibriados the Contemplative
  5682 | D:5      | Entered Level 5 of the Dungeon
  5989 | D:4      | Learned a level 3 spell: Ozocubu's Armour
  6025 | D:5      | Reached XP level 7. HP: 30/60 MP: 3/10
  6273 | D:5      | Reached skill level 1 in Polearms
  6486 | D:5      | Reached skill level 2 in Polearms
  6652 | D:5      | Reached skill level 3 in Polearms
  6839 | D:5      | Reached XP level 8. HP: 69/71 MP: 7/11
  7147 | D:6      | Reached skill level 4 in Polearms
  7250 | D:6      | Reached * piety under Cheibriados
  7335 | D:6      | Noticed Prince Ribbit
  7346 | D:6      | Killed Prince Ribbit
  7347 | D:6      | Reached skill level 10 in Fighting
  7347 | D:6      | Reached skill level 5 in Polearms
  7576 | D:6      | Reached skill level 6 in Polearms
  8133 | D:6      | Reached skill level 7 in Polearms
  8305 | D:6      | Reached XP level 9. HP: 78/78 MP: 9/12
  8747 | D:7      | Reached skill level 8 in Polearms
  9104 | D:7      | Identified the amulet of Yredelemnul's Approval {Acrobat
                  | rF- rC+ Regen+ Str+4}
  9413 | D:7      | Reached skill level 9 in Polearms
  9838 | D:8      | Found Gizis's Hydra Hut.
  9839 | D:8      | Noticed a seven-headed hydra
 10128 | D:8      | Noticed a two-headed ogre
 10147 | D:8      | Killed a two-headed ogre
 10147 | D:8      | Reached ** piety under Cheibriados
 10148 | D:8      | Reached skill level 10 in Polearms
 10466 | D:8      | Reached skill level 11 in Polearms
 10466 | D:8      | Reached XP level 10. HP: 85/85 MP: 7/13
 11267 | D:9      | Reached skill level 12 in Polearms
 11591 | D:9      | Noticed a gargoyle
 11599 | D:9      | Killed a gargoyle
 11665 | D:9      | Reached *** piety under Cheibriados
 11962 | D:9      | Reached skill level 13 in Polearms
 12127 | D:10     | Entered Level 10 of the Dungeon
 12130 | D:10     | Noticed Joseph
 12315 | D:10     | Killed Joseph
 12366 | D:10     | Found a glowing golden altar of the Shining One.
 12434 | D:10     | Found a staircase to the Lair.
 12792 | D:10     | Noticed Maurice
 12827 | D:10     | Killed Maurice
 12828 | D:10     | Reached XP level 11. HP: 55/90 MP: 6/14
 12872 | D:10     | Found a staircase to the Orcish Mines.
 12912 | D:10     | Reached skill level 14 in Polearms
 13047 | D:10     | Reached **** piety under Cheibriados
 13048 | D:10     | Reached skill level 1 in Armour
 13052 | D:10     | Reached skill level 1 in Conjurations
 13055 | D:10     | Noticed Josephine
 13061 | D:10     | Slain by a wraith

Illustrated notes

Levels and vault maps discovered:
D:1:      giann_bridges, layout_loops_corners
D:2:      layout_basic
D:3:      cheibrodos_old_hovel, layout_loops_ring
D:4:      layout_layer_cave, nicolae_gozag_seed_capital, temple_hall,
          minmay_manual_mares
D:5:      layout_rooms
D:6:      layout_cave_pods, uniq_prince_ribbit1
D:7:      layout_layer_cave, grunt_ministairs_5
D:8:      layout_basic, doesnt_shop_hydraphobe
D:9:      layout_irregular_city, amcnicky_mini_corridor_feature
D:10:     nicolae_cairo_tiling_large, layout_irregular_city,
          mainiacjoe_overflow_boulevard, david_orc_2, uniq_maurice,
          uniq_josephine, uniq_joseph, uniq_maggie
Temple:   mainiacjoe_temple_cubbyholes

Skill      XL: |  1  2  3  4  5  6  7  8  9 10 11 |
---------------+----------------------------------+-----
Fighting       | 1 3 4 5 6 7 9 10 | 10.0
Ice Magic      | 5 7 |  7.0
Polearms       | 3 7 11 13 14 | 14.0
Armour         | 2 |  2.3
Conjurations   | 1 |  1.2
Dodging        | |  2.1
Stealth        | |  1.7
Spellcasting   | |  2.1

Action                   |  1- 3 |  4- 6 |  7- 9 | 10-12 || total
-------------------------+-------+-------+-------+-------++-------
Melee: Dagger            |     6 |       |       |       ||     6
       Whip              |     5 |    44 |       |       ||    49
       Spear             |       |       |    23 |       ||    23
       Trident           |       |       |   173 |   175 ||   348
       Punch             |       |       |     2 |       ||     2
 Cast: Freeze            |    61 |    27 |       |       ||    88
       Frozen Ramparts   |       |    12 |    28 |    24 ||    64
       Ozocubu's Armour  |       |     1 |     9 |    11 ||    21
 Abil: Hop               |       |     3 |       |       ||     3
  Use: Scroll            |       |       |       |    15 ||    15
 Stab: Sleeping          |       |       |       |     1 ||     1
       Distracted        |       |       |       |     1 ||     1
Armor: Robe              |     7 |    17 |    29 |       ||    53
       Steam dragon scal |       |       |    23 |    56 ||    79
Dodge: Dodged            |    35 |    80 |   104 |    92 ||   311
       Repelled          |       |       |       |     3 ||     3

Table legend: (Time is in decaauts)
 A = Elapsed time spent in this place.
 B = Non-inter-level travel time spent in this place.
 C = Inter-level travel time spent in this place.
 D = Time resting spent in this place.
 E = Time spent auto-exploring this place.
 F = Levels seen in this place.
 G = Mean time per level.
                   A        B        C        D        E       F      G
               +--------+--------+--------+--------+--------+-----+--------+
         Total |  16260 |  15834 |    426 |   2142 |  11584 |  11 | 1478.2 |
       Dungeon |  16194 |  15794 |    400 |   2142 |  11556 |  10 | 1619.4 |
        Temple |     65 |     40 |     25 |      0 |     28 |   1 |   65.0 |
               +--------+--------+--------+--------+--------+-----+--------+

Top non-repeatable levels by time:
     D:4: 2579 daAuts
     D:2: 1848 daAuts
     D:7: 1837 daAuts
     D:9: 1797 daAuts
     D:8: 1775 daAuts
     D:6: 1735 daAuts
     D:3: 1299 daAuts
     D:5: 1192 daAuts
     D:1: 1119 daAuts
    D:10: 1010 daAuts
  Temple: 65 daAuts
